← All builds
Tech / Armada / Economy first / OBSERVED BUILD

Standard tech

Standard Tech play: rush T2 factory and constructor by ~4:15-4:33, upgrade the first mexes to advanced, and hand off constructors and army to Geo and allies while scaling eco over the game.

Usually first T2 con to Geo (85%)

#eco #t2 #team support · 681 distinct matches · 101 players · 59% of Armada Tech games · team won 53% of 793 · Recently observed

HOW TO PLAY IT

Key timing: T2 lab by 4:15

  1. Take 3 mex, then wind and a Bot Lab to open eco fast.
  2. Push T2 lab out, aim to pass T2 to air player.
  3. Get first T2 constructor building, prioritize mex upgrades over eco.
  4. Finish Advanced Metal Extractor, keep upgrading team's mex.
  5. Add fus and anti-nuke, keep feeding T2 cons and Umbrella/Citadel to team.

Phase by phase

TYPICAL OF ITS 681 GAMES
  1. 1
  2. 2
  3. 3
  4. 4
PLAY THE OPENING

Follow the example game's first 6:00 step by step: what to build now, what comes next, and where it goes. At 1× it keeps pace with your own game.

  1. 1

    Up to the Bot Lab

    Economy
    • Metal Extractor3Mex
    • Wind Turbine4Wind
    Order
    1. Bot LabBot Lab after 3 mex, 4 winddone ~1:18, middle half 1:13–1:32

    Some games also: energy storage (30%)

    By 1:01 in all: 3 mex · 4 wind

    The example game in this phase · 3 steps
    1. Mex ×3
    2. Wind ×4
    3. Bot LabBot Labdone 1:17 · typical 1:18
  2. 2

    Bot Lab to Advanced Bot Lab

    Economy
    • Metal Extractor1Mex
    • Wind Turbine8Wind
    • Energy Storage1Energy storage
    Order
    1. Advanced Bot LabAdvanced Bot Lab after 4 mex, 12 wind, 3 con turretdone ~4:15, middle half 4:04–4:27
    Builders
    • Construction Turret3 Con turret
    • Lazarus3 Lazarus
    • Construction Bot2 Con bot
    • Construction Bot1 Con bot for allies

    Some games also: converter (36%)

    By 3:20 in all: 4 mex · 12 wind · 1 energy storage · 3 con turret

    The example game in this phase · 20 steps
    1. LazarusLazarus ×2
    2. Wind
    3. Construction BotCon bot
    4. Wind
    5. Construction BotCon bot
    6. Wind ×2
    7. LazarusLazarus
    8. Con turret
    9. Mex
    10. Construction BotCon botfor Air
    11. Con turret
    12. Wind ×2
    13. Energy storage
    14. Converter
    15. Wind ×2
    16. Converter
    17. Wind
    18. Converter ×2
    19. Wind
    20. Advanced Bot LabAdvanced Bot Labdone 4:26 · typical 4:15
  3. 3

    Advanced Bot Lab to 5:00

    Economy
    • Wind Turbine2Wind
    Builders
    • Advanced Construction Bot1 T2 con bot for allies

    Some games also: converter (35%)

    By 5:00 in all: 4 mex · 15 wind · 2 converter · 1 energy storage · 3 con turret

    The example game in this phase · 6 steps
    1. Wind ×2
    2. Advanced Construction BotT2 con botfor Air
    3. Wind
    4. Advanced Metal ExtractorT2 mexdone 5:18 · typical 5:28
    5. Wind
    6. Advanced Metal ExtractorT2 mex ×2
  4. 4

    5:00 to 10:00

    Economy
    • Wind Turbine43Wind
    • Energy Converter5Converter
    Builders
    • Butler8 Butler
    • Advanced Construction Bot4 T2 con bot for allies
    • Advanced Construction Bot1 T2 con bot

    Some games also: con turret (46%) · Butler for allies (38%)

    By 10:00 in all: 4 mex · 58 wind · 7 converter · 1 energy storage · 3 con turret

    The example game in this phase · 144 steps
    1. Wind ×3
    2. Con turret
    3. Wind
    4. Advanced Construction BotT2 con botfor Geo sea
    5. Wind
    6. ButlerButler ×2
    7. Advanced Metal ExtractorT2 mex
    8. ButlerButler
    9. Advanced Construction BotT2 con botfor Beach sea
    10. ButlerButler ×2
    11. Wind
    12. ButlerButler
    13. Wind ×2
    14. Advanced Construction BotT2 con botfor Pond
    15. Wind ×3
    16. Advanced Construction BotT2 con botfor Suicide front
    17. Wind ×10
    18. ButlerButler
    19. Wind ×3
    20. ButlerButler
    21. Wind ×2
    22. ButlerButler
    23. Wind ×7
    24. Advanced Construction BotT2 con botfor Front
    25. Wind ×9
    26. SharpshooterSniper botdone 9:44
    27. Wind ×2
    28. Converter
    29. Wind ×3
    30. Converter
    31. Wind ×3
    32. Converter
    33. Wind ×3
    34. Converter
    35. Wind ×5
    36. Con turret
    37. Converter
    38. Wind ×2
    39. Converter
    40. Wind ×2
    41. Con turret
    42. Advanced Construction BotT2 con bot
    43. Wind ×2
    44. Converter
    45. Wind ×2
    46. Con turret
    47. Converter
    48. Wind ×4
    49. Converter
    50. Con turret
    51. Wind ×3
    52. Converter
    53. Wind ×3
    54. Converter
    55. Wind ×3
    56. Con turret
    57. Wind
    58. Converter
    59. Wind
    60. Con turret
    61. Wind ×2
    62. Converter
    63. Wind ×3
    64. Converter
    65. Fusion ReactorFusiondone 11:34
    66. Wind ×3
    67. Converter
    68. Wind ×3
    69. Converter
    70. Wind ×3
    71. Converter
    72. Wind ×4
    73. Converter
    74. Wind ×3
    75. Converter
    76. Wind ×3
    77. Converter
    78. Wind ×4
    79. Converter
    80. Wind
    81. T2 converter
    82. Wind
    83. Con turret
    84. Wind ×2
    85. Converter
    86. Con turret
    87. Wind ×3
    88. Converter
    89. Wind ×3
    90. Converter
    91. Wind ×4
    92. Converter
    93. Wind ×2
    94. CitadelAnti-nukedone 13:02
    95. Converter
    96. Wind ×4
    97. Converter
    98. Wind ×3
    99. Con turret
    100. Wind
    101. Converter
    102. Con turret
    103. Wind ×4
    104. Converter
    105. Wind
    106. TracerTracer
    107. Wind
    108. Converter
    109. Wind ×4
    110. Converter
    111. Wind ×4
    112. Converter
    113. Wind ×2
    114. Converter
    115. Wind ×2
    116. Fusion ReactorFusion
    117. Wind ×2
    118. Converter
    119. Wind ×2
    120. Con turret
    121. Wind ×2
    122. Con turret
    123. Converter
    124. Wind ×2
    125. Converter
    126. Wind
    127. ArbalestArbalest
    128. Wind
    129. Converter ×2
    130. ArbalestArbalest
    131. Converter ×2
    132. Aircraft PlantAircraft Plantnot finished by 15:00
    133. Converter
    134. T2 converter
    135. Converter ×2
    136. T2 converter
    137. Converter
    138. Con turret
    139. Converter
    140. Con turret
    141. Metal storage
    142. Converter
    143. Advanced Fusion ReactorAdvanced Fusion Reactornot finished by 15:00
    144. Converter ×2

Counts are medians over the build's games: half of them build more, half fewer. The example game is The_Dwarf's (39 OS, 26/08/2026); pick another.

Team trades

IN AT LEAST 30% OF ITS GAMES

You hand over

  • Construction Bot1 Con bot to Airfirst at 2:22 · in 88% of games
  • Advanced Construction Bot5 T2 con bot to Air or Pond or Geo seafirst at 4:46 · in 99% of games
  • Sharpshooter2 Sniper bot to Pondfirst at 5:23 · in 33% of games
  • Butler2 Butler to Geo sea or Beach sea or Pondfirst at 9:03 · in 42% of games

You get

  • Hercules1 Light transport from Airfirst at 3:59 · in 85% of games

How it plays out

Typical game of this build, running totals by minute

Metal produced

020k40k
0:005:0010:0015:00

metal

Enemy metal destroyed

0200400
0:005:0010:0015:00

metal

Own metal lost

0100200300
0:005:0010:0015:00

metal

793 games.

Show as table
ByMetal produced: This buildEnemy metal destroyed: This buildOwn metal lost: This build
1:0038300
2:0091500
3:00163500
4:00314800
5:00486300
6:00580700
7:00722000
8:00906100
9:001124700
10:001355300
11:001634200
12:001985000
13:002364400
14:0027360125130
15:0031473385260
WHAT THE NUMBERS SAY

This is the role's baseline and wins slightly more than half its games with a huge metal lead but almost no kills, showing its value is economic not combat.

  • + Produces 31389 metal by 15:00, far above other roles.
  • + Reaches T2 lab and constructor by 4:15-4:33 almost every game.
  • − Barely destroys any enemy metal (400 by 15:00), no combat presence.
  • − Fusion Reactor and anti-nuke only land in 44% of games.
THE EXAMPLE YOU ARE READING

The_Dwarf

39.3 OS · 26/08/2026

Open source match ↗

2 received units
851 metal received · 33729 energy received

Allied construction assistance is unknown. Timings are observations, not a promise of solo reproducibility.

Typical milestones

Bot Lab1:18Middle 50%: 1:13–1:32 · n=793
Advanced Bot Lab4:15Middle 50%: 4:04–4:27 · n=787
Advanced Metal Extractor5:28Middle 50%: 5:06–5:58 · n=791

Played most by

Amrissa100games of this buildSyphos34games of this buildKOT_33games of this buildTeaner28games of this buildAdeus26games of this build